 Dungeon Crawl Stone Soup version 0.29-a0-330-g52719c12eb (webtiles) character file.

Game seed: 10505664014424009943

18 Alarak the Chopper (level 2, 0/26 HPs)
             Began as a Hill Orc Monk on Apr 13, 2022.
             Slain by a jackal (3 damage)
             ... on level 1 of the Dungeon.
             The game lasted 00:00:18 (309 turns).

Alarak the Chopper (Hill Orc Monk)                   Turns: 309, Time: 00:00:19

Health: 0/26       AC:  2    Str: 13    XL:     2   Next: 66%
Magic:  2/2        EV: 12    Int: 10    God:
Gold:   22         SH:  0    Dex: 13    Spells: 1/1 levels left

rFire   . . .      SeeInvis .   a - +0 hand axe
rCold   . . .      Faith    .   (no shield)
rNeg    . . .      Spirit   .   b - +0 robe
rPois   .          Reflect  .   (no helmet)
rElec   .          Harm     .   (no cloak)
rCorr   .          Rampage  .   (no gloves)
Will    .....                   (no boots)
Stlth   ++........              (no amulet)
HPRegen 0.08/turn               (no ring)
MPRegen 0.08/turn               (no ring)

@: no status effects
A: no striking features
a: no special abilities


You were on level 1 of the Dungeon.
You visited 1 branch of the dungeon, and saw 1 of its levels.

You collected 22 gold pieces.

Inventory:

Hand Weapons
 a - a +0 hand axe (weapon)
Armour
 b - a +0 robe (worn)
Scrolls
 d - a scroll of teleportation {unknown}
Potions
 c - a potion of ambrosia


   Skills:
 - Level 3.6 Fighting
 + Level 5.2 Axes
 - Level 2.4 Dodging
 - Level 1.5 Stealth


You had one spell level left.
You didn't know any spells.
Your spell library was empty.

Dungeon Overview and Level Annotations

Branches:
Dungeon (1/15)

Altars:


Message History

You completely miss the jackal. You hit the frilled lizard.
You kill the frilled lizard!
The jackal bites you but does no damage.
The endoplasm freezes you.
You are frozen.
The jackal barely misses you.
You completely miss the jackal. You hit the endoplasm but do no damage.
You closely miss the jackal. The jackal bites you.
The endoplasm barely misses you.
The jackal bites you but does no damage.
The jackal bites you.
You barely miss the jackal. You closely miss the jackal. You hit the endoplasm.
You kill the endoplasm!
The jackal misses you. x2; The jackal bites you.
The jackal bites you but does no damage.
You closely miss the jackal. You hit the jackal but do no damage.
The jackal misses you. The jackal bites you.
You barely miss the jackal. You hit the jackal. The jackal misses you.
The jackal barely misses you. The jackal misses you.
The jackal bites you but does no damage.
You barely miss the jackal. You miss the jackal. The jackal closely misses you.
The jackal misses you.
You hit the jackal.
The jackal is heavily wounded.
You barely miss the jackal. The jackal bites you. x2
* * * LOW HITPOINT WARNING * * *
The jackal closely misses you. The jackal bites you.
* * * LOW HITPOINT WARNING * * *
You miss the jackal.
The jackal is heavily wounded.
You hit the jackal. The jackal barely misses you. The jackal bites you.
* * * LOW HITPOINT WARNING * * *
You closely miss the jackal.
The jackal is heavily wounded.
You barely miss the jackal. The jackal barely misses you.
The jackal bites you but does no damage.
The jackal barely misses you.
You closely miss the jackal.
The jackal is heavily wounded.
You barely miss the jackal. The jackal misses you. The jackal bites you.
You die...

. ########..
.........##
......#... #... ...#.
#. ######.##......
#.# ##......@hB.....
... #..###...h......
..####.##....#.......
.
#.#....#..#.##...!...
.. #.#.##...##.#
.#...#.
...#...##.####.#
.###.#
.......##.##.... ..
... ..###.........##
.. .. ..#..........


You could see 2 jackals and a giant cockroach.

Vanquished Creatures
  2 ball pythons (D:1)
  2 bats (D:1)
  An endoplasm (D:1)
  2 giant cockroaches (D:1)
  2 goblins (D:1)
  3 hobgoblins (D:1)
  A kobold (D:1)
  A frilled lizard (D:1)
14 creatures vanquished.

Notes
Turn   | Place    | Note
-------+----------+-------------------------------------------
     0 | D:1      | Alarak the Hill Orc Monk began the quest for the Orb.
     0 | D:1      | Reached XP level 1. HP: 19/19 MP: 1/1
   142 | D:1      | Reached XP level 2. HP: 21/26 MP: 2/2
   292 | D:1      | Reached skill level 5 in Axes
   309 | D:1      | Slain by a jackal

Illustrated notes

Levels and vault maps discovered:
D:1:      dpeg_arrival_round_b, layout_rooms, hex_intersection

Skill      XL: |  1  2 |
---------------+-------+-----
Axes           | 5 |  5.2
Fighting       | |  3.6
Dodging        | |  2.4
Stealth        | |  1.5

Action                   || total
-------------------------++-------
Melee: Hand axe          ||    49
Armor: Robe              ||    15
Dodge: Dodged            ||    55

Table legend: (Time is in decaauts)
 A = Elapsed time spent in this place.
 B = Non-inter-level travel time spent in this place.
 C = Inter-level travel time spent in this place.
 D = Time resting spent in this place.
 E = Time spent auto-exploring this place.
 F = Levels seen in this place.
 G = Mean time per level.
                   A        B        C        D        E       F      G
               +--------+--------+--------+--------+--------+-----+--------+
         Total |    312 |    312 |      0 |      0 |    225 |   1 |  312.0 |
       Dungeon |    312 |    312 |      0 |      0 |    225 |   1 |  312.0 |
               +--------+--------+--------+--------+--------+-----+--------+

Top non-repeatable levels by time:
     D:1: 312 daAuts
